[Event "Titled Tuesday Blitz August 16 Late 2022"]
[White "Mirimanian, Hayk"]
[Black "Pires, Marcos Vinicius Torsani"]
[WhiteFideId "4700180"]
[BlackFideId "2118939"]
[WhiteElo "2280"]
[BlackElo "2273"]
[Result "1/2-1/2"]
[Round "10"]
[TimeControl "180+1"]
[Date "2022.08.18"]
[WhiteClock "0:00:00"]
[BlackClock "0:00:00"]

1. e4 c5 2. Nf3 Nc6 3. d4 cxd4 4. Nxd4 g6 5. Nc3 Bg7 6. Be3 Nf6 7. f3 O-O 8. Qd2 d5 9. Nxc6 bxc6 10. exd5 Nxd5 11. Nxd5 cxd5 12. c3 e5 13. Be2 d4 14. Bf2 dxc3 15. Qxd8 Rxd8 16. bxc3 e4 17. Rc1 Bb7 18. O-O Rd2 19. Bc4 exf3 20. gxf3 Rc8 21. Bb3 Bxc3 22. Rfd1 Rxd1+ 23. Rxd1 Rc7 24. Bg3 Re7 25. Bh4 Rc7 26. Bg3 Re7 27. Kf2 Ba5 28. Bh4 Bb6+ 29. Kg3 Rc7 30. Re1 Bc6 31. Rc1 Kg7 32. Kg2 Rd7 33. Bg3 Bd4 34. Rxc6 Bf6 35. Ba4 Rd2+ 36. Kh3 Rxa2 37. Bb3 Ra3 38. Bd5 Rd3 39. Be4 Rd7 40. Ra6 Re7 41. Bf2 h5 42. Kg2 Rc7 43. h4 Rd7 44. Bxa7 Rd2+ 45. Kg3 Rd1 46. Be3 Re1 47. Bf2 Rc1 48. Ra7 Rc8 49. Bd5 Rf8 50. Bc5 Rc8 51. Rxf7+ Kh8 52. Be3 Bg7 53. Bf4 Rd8 54. Be4 Re8 55. Rb7 Rf8 56. Bg5 Re8 57. Be3 Rf8 58. Rd7 Rf6 59. Bd4 Ra6 60. Bxg7+ Kg8 61. Bf6 Kf8 62. Bg5 Ke8 63. Re7+ Kf8 64. Rd7 Ke8 65. Rd8+ Kf7 66. Rd7+ Ke6 67. Re7+ Kd6 68. Bxg6 Ra3 69. Bxh5 Ra2 70. Bg4 Kd5 71. Rf7 Kd6 72. Rf6+ Kd5 73. Rf8 Ke5 74. Re8+ Kd6 75. Rd8+ Ke5 76. h5 Rg2+ 77. Kxg2 1/2-1/2


[Site "https://www.chess.com"]

[Event "Titled Tuesday Blitz August 16 Late 2022"]
[White "Moore, Alex"]
[Black "Capp, Stephen"]
[WhiteFideId "30910692"]
[BlackFideId "2027089"]
[WhiteElo "1912"]
[BlackElo "1920"]
[Result "1/2-1/2"]
[Round "10"]
[TimeControl "180+1"]
[Date "2022.08.18"]
[WhiteClock "0:00:00"]
[BlackClock "0:00:00"]

1. d4 Nf6 2. c4 e6 3. Nc3 Bb4 4. e3 c5 5. Bd3 Nc6 6. Nf3 Bxc3+ 7. bxc3 d6 8. O-O O-O 9. e4 e5 10. Be3 b6 11. d5 Ne7 12. Nd2 Ng6 13. h3 Qe7 14. Kh2 Nd7 15. Kg3 a5 16. Kh2 a4 17. g3 a3 18. f4 exf4 19. gxf4 f5 20. Qf3 Nf6 21. exf5 Nh4 22. Qg3 Bxf5 23. Qxh4 Bxd3 24. Rfe1 Bf5 25. Qg5 Qd7 26. Rg1 Kh8 27. Nf3 Rae8 28. Rae1 Bxh3 29. Nh4 Ne4 30. Qh5 Bf5 31. Ng6+ Bxg6 32. Rxg6 Rf5 33. Qh3 Qf7 34. Reg1 Rg8 35. R6g4 Rh5 36. Rh4 Rxh4 37. Qxh4 Nf6 38. f5 Re8 39. Bf4 Re4 40. Qg5 Re2+ 41. Kh1 Qe7 42. Bxd6 Qe4+ 43. Rg2 Rxg2 44. Qxg2 Qxf5 45. Bc7 Ng4 46. d6 Qb1+ 47. Qg1 Qe4+ 48. Qg2 Qb1+ 49. Qg1 Qe4+ 50. Qg2 Qb1+ 1/2-1/2


[Site "https://www.chess.com"]

[Event "Titled Tuesday Blitz August 16 Late 2022"]
[White "Nazaretyan, Tigran"]
[Black "Jorajuria Mendoza, Algol"]
[WhiteFideId "24162345"]
[BlackFideId "5128897"]
[WhiteElo "2183"]
[BlackElo "1600"]
[Result "1-0"]
[Round "10"]
[TimeControl "180+1"]
[Date "2022.08.18"]
[WhiteClock "0:00:00"]
[BlackClock "0:00:00"]

1. d4 d5 2. c4 e6 3. Nf3 Nf6 4. Nc3 Bb4 5. e3 O-O 6. Bd3 dxc4 7. Bxc4 c5 8. O-O Nc6 9. a3 Bxc3 10. bxc3 Na5 11. Bd3 c4 12. Bc2 b5 13. e4 Bb7 14. Bg5 h6 15. Bh4 g5 16. Nxg5 hxg5 17. Bxg5 Kg7 18. e5 Qd5 19. Bxf6+ 1-0


[Site "https://www.chess.com"]

[Event "Titled Tuesday Blitz August 16 Late 2022"]
[White "Novikova, Galina"]
[Black "Sarkar, Justin"]
[WhiteFideId "4157095"]
[BlackFideId "2010011"]
[WhiteElo "1923"]
[BlackElo "2076"]
[Result "1-0"]
[Round "10"]
[TimeControl "180+1"]
[Date "2022.08.18"]
[WhiteClock "0:00:00"]
[BlackClock "0:00:00"]

1. e4 c5 2. Nf3 h6 3. d4 cxd4 4. Nxd4 Nf6 5. Nc3 e5 6. Ndb5 d6 7. a4 a6 8. Na3 Be6 9. Bc4 Nc6 10. O-O Be7 11. Re1 O-O 12. Nd5 Rc8 13. Ba2 Bxd5 14. exd5 Nb8 15. c4 Nbd7 16. Bb1 Ne8 17. Bf5 Rc7 18. Re3 Bg5 19. Rg3 Bxc1 20. Rxc1 Qf6 21. Rf3 Qe7 22. Qd2 Nc5 23. Bc2 Qg5 24. Qe1 g6 25. Rg3 Qf6 26. b4 Nd7 27. Qe4 Ng7 28. h4 Nf5 29. Rh3 h5 30. g4 hxg4 31. Qxg4 Nd4 32. Bd3 Qf4 33. Qxf4 exf4 34. h5 Ne5 35. Bf1 f3 36. hxg6 fxg6 37. c5 g5 38. Rh6 g4 39. Rxd6 Ne2+ 40. Bxe2 fxe2 41. Kg2 Nd3 42. Rh1 e1=Q 43. Rxe1 Nxe1+ 44. Kf1 Nd3 45. Rg6+ Kf7 46. Rxg4 Ne5 47. Re4 Ng6 48. d6 Rd7 49. Nc4 Re8 50. Rd4 Ne5 51. Nb6 Rdd8 52. Rh4 Nd7 53. Rh7+ Ke6 54. Rh6+ Ke5 55. Nc4+ Kd4 56. Rh4+ Kd5 57. Ne3+ Ke5 58. Rh7 Nxc5 59. bxc5 Kd4 60. Rh5 1-0


[Site "https://www.chess.com"]

[Event "Titled Tuesday Blitz August 16 Late 2022"]
[White "Oparin, Grigoriy"]
[Black "Riehle, Marco"]
[WhiteFideId "24125890"]
[BlackFideId "12904392"]
[WhiteElo "2639"]
[BlackElo "2462"]
[Result "1-0"]
[Round "10"]
[TimeControl "180+1"]
[Date "2022.08.16"]
[WhiteClock "0:01:40"]
[BlackClock "0:01:47"]

1. c4 c5 2. Nc3 Nf6 3. Nf3 d5 4. cxd5 Nxd5 5. e3 Nc6 6. Bb5 e6 7. O-O Bd6 8. d4 cxd4 9. Nxd5 exd5 10. Qxd4 O-O 11. Bxc6 bxc6 12. b3 c5 13. Qh4 Qxh4 14. Nxh4 d4 15. Nf3 Bg4 16. exd4 Bxf3 17. gxf3 cxd4 18. Bd2 Rac8 19. Rac1 Rfe8 20. Rfd1 Ba3 21. Rxc8 Rxc8 22. Bf4 Bb2 23. Kf1 f6 24. Ke2 Kf7 25. Bd2 Ke6 26. Kd3 Kd5 27. Re1 Ba3 28. b4 Rb8 29. Re4 Bb2 30. Re7 g5 31. Rxa7 h5 32. a4 Rc8 33. Ra5+ Ke6 34. Ra6+ Ke5 35. b5 Bc3 36. Rc6 Ra8 37. Bxc3 dxc3 38. Rc4 f5 39. Kxc3 g4 40. fxg4 hxg4 41. b6 f4 42. b7 Rb8 43. Rb4 g3 44. hxg3 fxg3 45. fxg3 Kd6 46. a5 1-0


[Site "https://www.chess.com"]

[Event "Titled Tuesday Blitz August 16 Late 2022"]
[White "Oro, Luis"]
[Black "Romero Ruscalleda, Josep"]
[WhiteFideId "104094"]
[BlackFideId "2231859"]
[WhiteElo "2255"]
[BlackElo "2193"]
[Result "0-1"]
[Round "10"]
[TimeControl "180+1"]
[Date "2022.08.18"]
[WhiteClock "0:00:00"]
[BlackClock "0:00:00"]

1. e4 g6 2. d4 Bg7 3. Nc3 d6 4. f4 a6 5. Nf3 b5 6. Bd3 Nd7 7. Be3 Bb7 8. O-O Ngf6 9. e5 Nd5 10. Nxd5 Bxd5 11. Qe2 O-O 12. c4 bxc4 13. Bxc4 Bxc4 14. Qxc4 Nb6 15. Qb3 Rb8 16. Rac1 Qd7 17. Qc2 Rfc8 18. Rfd1 Nd5 19. Bd2 Qb5 20. b3 Nb4 21. Qb1 c5 22. dxc5 dxe5 23. Nxe5 Rxc5 24. Be3 Rxc1 25. Rxc1 Qe2 26. Bf2 Qxa2 27. Qe4 Qxb3 28. Rb1 Qc3 29. Be1 Qc5+ 30. Kh1 a5 31. Nd7 Qb5 32. Nxb8 Qf1# 0-1


[Site "https://www.chess.com"]

[Event "Titled Tuesday Blitz August 16 Late 2022"]
[White "Paravyan, David"]
[Black "Zou, Chen"]
[WhiteFideId "4194985"]
[BlackFideId "8610959"]
[WhiteElo "2569"]
[BlackElo "2276"]
[Result "1-0"]
[Round "10"]
[TimeControl "180+1"]
[Date "2022.08.16"]
[WhiteClock "0:01:29"]
[BlackClock "0:00:01"]

1. e4 e5 2. Nf3 Nc6 3. Nc3 Nf6 4. d4 exd4 5. Nxd4 Bb4 6. Nxc6 bxc6 7. Bd3 d5 8. exd5 O-O 9. O-O cxd5 10. Bg5 c6 11. Qf3 Bd6 12. Rae1 Rb8 13. Nd1 h6 14. Bxf6 Qxf6 15. Qxf6 gxf6 16. b3 f5 17. Ne3 f4 18. Nf5 Bxf5 19. Bxf5 Kg7 20. Rd1 Kf6 21. Bd7 Rb6 22. Rd3 Rd8 23. Bg4 Re8 24. Rfd1 Bb4 25. g3 fxg3 26. hxg3 Ra6 27. a4 Rb6 28. Kg2 Re1 29. Rxe1 Bxe1 30. Rf3+ Kg7 31. Re3 Bb4 32. Re8 c5 33. Rd8 d4 34. Rd7 a5 35. Bh5 Rf6 36. f4 Kf8 37. Kf3 Ke8 38. Ra7 Kf8 39. Ke4 Re6+ 40. Kd5 Re7 41. Ra6 Kg7 42. f5 f6 43. g4 Re5+ 44. Kc4 Re7 45. Kb5 Rb7+ 46. Kc4 Re7 47. Rd6 Rb7 48. Re6 Rd7 49. Be8 Rc7 50. Bc6 Kf7 51. Bd5 Re7 52. Rc6+ Kg7 53. Be6 Ra7 54. Rb6 Rc7 55. Ra6 Rb7 56. Ra8 Re7 57. Kb5 Rb7+ 58. Kc6 Re7 59. Rg8+ Kh7 60. Rg6 Rxe6+ 61. fxe6 Kxg6 62. e7 1-0


[Site "https://www.chess.com"]

[Event "Titled Tuesday Blitz August 16 Late 2022"]
[White "Peroza, Eduardo Antunes"]
[Black "Perez Cruz, Adianet"]
[WhiteFideId "2171635"]
[BlackFideId "3510115"]
[WhiteElo "1939"]
[BlackElo "1976"]
[Result "1-0"]
[Round "10"]
[TimeControl "180+1"]
[Date "2022.08.18"]
[WhiteClock "0:00:00"]
[BlackClock "0:00:00"]

1. e4 c6 2. d4 d5 3. e5 Bf5 4. Nc3 e6 5. g4 Bg6 6. Nge2 h6 7. f4 Nd7 8. Ng3 Ne7 9. Bh3 Bh7 10. f5 exf5 11. gxf5 Nb6 12. O-O Nc4 13. b3 Nb6 14. Qf3 Nec8 15. e6 f6 16. Qh5+ Ke7 17. Qf7+ Kd6 18. Bf4# 1-0


[Site "https://www.chess.com"]

[Event "Titled Tuesday Blitz August 16 Late 2022"]
[White "Proudian, Armen"]
[Black "Wiewiora, Eneasz"]
[WhiteFideId "2130734"]
[BlackFideId "1140396"]
[WhiteElo "2380"]
[BlackElo "2291"]
[Result "0-1"]
[Round "10"]
[TimeControl "180+1"]
[Date "2022.08.16"]
[WhiteClock "0:00:07"]
[BlackClock "0:01:05"]

1. e4 d6 2. d4 Nf6 3. Nc3 e5 4. Nf3 Nbd7 5. Rg1 g6 6. g4 Bg7 7. g5 Nh5 8. Be3 O-O 9. Be2 Re8 10. Qd2 Nf8 11. O-O-O Ne6 12. Nd5 c6 13. Nc3 Qc7 14. d5 Nef4 15. Bc4 c5 16. Ne2 a6 17. Bxf4 Nxf4 18. Nxf4 exf4 19. Qxf4 b5 20. Be2 c4 21. Nd4 c3 22. b3 Qc5 23. Kb1 Bxd4 24. h4 Be5 25. Qc1 Qxf2 26. Bd3 b4 27. Rdf1 Qd2 28. h5 Qxc1+ 29. Kxc1 Bh3 30. Rf3 Bd7 31. Kd1 a5 32. Ke2 a4 33. Ke3 axb3 34. axb3 Rab8 35. Rgf1 Re7 36. hxg6 hxg6 37. Rh1 Kg7 38. Ba6 Rh8 39. Rxh8 Kxh8 40. Kd3 Kg7 41. Kc4 Bg4 42. Rf2 Bg3 43. Rg2 Rxe4+ 44. Kb5 Be2+ 45. Kc6 Bxa6 46. Rxg3 Be2 47. Kxd6 Bd1 48. Kc5 Bxc2 49. d6 Bd1 50. d7 c2 51. d8=Q c1=Q+ 52. Kb6 Re6+ 53. Kb7 Qc6+ 54. Kb8 Re8 0-1


[Site "https://www.chess.com"]

[Event "Titled Tuesday Blitz August 16 Late 2022"]
[White "Przybylski, Wojciech"]
[Black "Melikyan, Gnel"]
[WhiteFideId "1117599"]
[BlackFideId "54109990"]
[WhiteElo "2133"]
[BlackElo "1772"]
[Result "0-1"]
[Round "10"]
[TimeControl "180+1"]
[Date "2022.08.16"]
[WhiteClock "0:00:04"]
[BlackClock "0:00:06"]

1. e4 e5 2. Nf3 Nc6 3. Bb5 Nf6 4. O-O Nxe4 5. d4 Nd6 6. Bxc6 dxc6 7. dxe5 Nf5 8. Qe2 Nd4 9. Nxd4 Qxd4 10. h3 Bf5 11. Nc3 Bc5 12. Rd1 Qh4 13. Be3 Bxe3 14. Qxe3 O-O 15. Rd4 Qe7 16. Rd2 Rfd8 17. Rad1 a6 18. g4 Be6 19. f4 Rxd2 20. Rxd2 Rd8 21. Rxd8+ Qxd8 22. f5 Bd5 23. b3 Qh4 24. Kh2 h5 25. g5 Kf8 26. f6 Be6 27. fxg7+ Kxg7 28. Ne2 Kg8 29. c4 c5 30. Ng1 Qd4 31. Qxd4 cxd4 32. Nf3 c5 33. Kg3 Kg7 34. h4 Kg6 35. Kf4 Bg4 36. Nd2 Bf5 37. Nf3 Bg4 38. Nd2 Bf5 39. a3 a5 40. Kf3 b6 41. Kg3 Bc2 42. Kf4 Bd1 43. Ke4 Bc2+ 44. Kd5 Kf5 45. Kd6 Kg4 46. a4 Kxh4 47. b4 cxb4 48. g6 Bxg6 49. Kc6 Kg3 50. Kxb6 h4 51. c5 h3 52. c6 h2 53. e6 h1=Q 54. c7 Qa8 55. e7 Qc8 56. Nc4 Qd7 57. Ne5 Qd6+ 58. Kb7 Qxe5 59. c8=Q Qxe7+ 60. Kb6 Qe6+ 61. Kc5 Qxc8+ 62. Kxd4 Qc2 63. Kd5 Qxa4 64. Kd4 Qd1+ 65. Ke3 Qd3# 0-1


[Site "https://www.chess.com"]

[Event "Titled Tuesday Blitz August 16 Late 2022"]
[White "Rasulov, Vugar"]
[Black "Naroditsky, Daniel"]
[WhiteFideId "13402390"]
[BlackFideId "2026961"]
[WhiteElo "2509"]
[BlackElo "2628"]
[Result "0-1"]
[Round "10"]
[TimeControl "180+1"]
[Date "2022.08.16"]
[WhiteClock "0:00:09"]
[BlackClock "0:00:07"]

1. Nf3 Nf6 2. g3 g6 3. Bg2 Bg7 4. O-O O-O 5. d4 d6 6. c4 Nbd7 7. b3 e5 8. dxe5 dxe5 9. Nc3 e4 10. Nd4 Re8 11. Qc2 c6 12. Rd1 Qe7 13. a4 a5 14. Bf4 Nc5 15. h3 Nh5 16. Be3 f5 17. Rab1 Rf8 18. Qd2 Ne6 19. Nxe6 Bxe6 20. Bg5 Qc5 21. Rbc1 Rae8 22. Qd6 Qxd6 23. Rxd6 Be5 24. Rdd1 Kg7 25. e3 h6 26. Bf4 Nxf4 27. gxf4 Bxc3 28. Rxc3 Rd8 29. Rcc1 Kf6 30. f3 exf3 31. Bxf3 g5 32. Kf2 Ke7 33. h4 g4 34. Bg2 h5 35. Kg3 Kf6 36. Kf2 Rfe8 37. Rd4 Bf7 38. Rcd1 Ke7 39. e4 Rxd4 40. Rxd4 Be6 41. e5 Rc8 42. Ke3 Rb8 43. Rd6 Rg8 44. Kd4 g3 45. Ke3 Rg4 46. Rd1 Rxh4 47. Rg1 Rh2 48. Kf3 h4 49. Ke3 h3 50. Bf3 Rb2 51. Rxg3 Rxb3+ 52. Kf2 h2 53. Rg7+ Kf8 54. Rh7 Bxc4 55. Rxh2 Rb2+ 56. Kg3 Rxh2 57. Kxh2 Bb3 58. Kg3 Bxa4 59. Kh4 Bc2 60. Kg5 a4 61. Kf6 Bb3 62. Be2 a3 63. e6 Bxe6 64. Kxe6 b5 65. Bd1 c5 66. Bb3 c4 67. Ba2 c3 68. Bb3 c2 69. Bxc2 a2 70. Bxf5 a1=Q 71. Be4 b4 72. f5 Qd4 73. f6 Qxe4+ 74. Kd6 b3 75. Kc7 b2 76. Kb6 b1=Q+ 77. Ka5 Qa8# 0-1


[Site "https://www.chess.com"]

[Event "Titled Tuesday Blitz August 16 Late 2022"]
[White "Remolar Gallen, Jose"]
[Black "Prieto Aranguren, Alain"]
[WhiteFideId "2215187"]
[BlackFideId "2268906"]
[WhiteElo "2205"]
[BlackElo "2224"]
[Result "0-1"]
[Round "10"]
[TimeControl "180+1"]
[Date "2022.08.18"]
[WhiteClock "0:00:00"]
[BlackClock "0:00:00"]

1. e4 c6 2. Nc3 d5 3. Qf3 d4 4. Bc4 e6 5. Nce2 c5 6. d3 Nc6 7. a4 Ne5 8. Qg3 Nxc4 9. dxc4 Nf6 10. e5 Nd7 11. Nf3 b6 12. Bg5 Qc7 13. O-O Bb7 14. Nc1 h6 15. Bd2 g5 16. Nd3 Be7 17. c3 dxc3 18. Bxc3 Nf8 19. Rfd1 Ng6 20. b4 Rd8 21. a5 Rxd3 22. Rxd3 Nf4 23. Rd2 cxb4 24. axb6 axb6 25. Bd4 Qxc4 26. Bxb6 Ne2+ 27. Rxe2 Qxe2 28. Qg4 O-O 29. h4 Bxf3 30. gxf3 b3 31. hxg5 hxg5 32. Be3 b2 33. Rb1 Qc2 34. Qe4 Qxe4 35. fxe4 Ba3 36. Bd4 Rc8 37. Bxb2 Rb8 38. Bxa3 Rxb1+ 39. Kg2 Kg7 40. Bd6 Kg6 41. Kg3 Rg1+ 42. Kf3 Kh5 43. Be7 Kh4 44. Ke3 Kh3 45. Kf3 g4+ 46. Kf4 Rf1 47. Bc5 g3 0-1


[Site "https://www.chess.com"]

[Event "Titled Tuesday Blitz August 16 Late 2022"]
[White "Roman, Rodrigo"]
[Black "Solon, Nathan"]
[WhiteFideId "3701220"]
[BlackFideId "2017229"]
[WhiteElo "2001"]
[BlackElo "2632"]
[Result "0-1"]
[Round "10"]
[TimeControl "180+1"]
[Date "2022.08.16"]
[WhiteClock "0:00:03"]
[BlackClock "0:01:20"]

1. e4 c6 2. Ne2 d5 3. e5 c5 4. c3 Nc6 5. d4 Bf5 6. Be3 e6 7. Nd2 Qb6 8. b3 cxd4 9. Nxd4 Nxd4 10. Bxd4 Bc5 11. Nf3 Ne7 12. Bd3 O-O 13. O-O Rac8 14. a4 Bxd4 15. cxd4 Rc3 16. Bxf5 Nxf5 17. Rb1 Rfc8 18. Rb2 Qb4 19. Qd2 a5 20. h3 h6 21. Rd1 Rxb3 22. Qxb4 Rxb4 23. Rxb4 axb4 24. Rb1 Rc4 25. Rd1 Kf8 26. Rd3 Ne7 27. Rb3 Nc6 28. Rd3 Ke7 29. Kf1 Rc1+ 30. Ke2 Ra1 31. Rb3 Rxa4 32. Ke3 Ra3 33. Nd2 Na5 34. Rxa3 bxa3 0-1


[Site "https://www.chess.com"]

[Event "Titled Tuesday Blitz August 16 Late 2022"]
[White "Romanchuk, Viktor"]
[Black "Kopczynski, Michal"]
[WhiteFideId "14109271"]
[BlackFideId "1124200"]
[WhiteElo "2242"]
[BlackElo "2235"]
[Result "1-0"]
[Round "10"]
[TimeControl "180+1"]
[Date "2022.08.16"]
[WhiteClock "0:01:15"]
[BlackClock "0:02:05"]

1. d4 Nf6 2. c4 g6 3. Nf3 Bg7 4. g3 d6 5. Bg2 O-O 6. Nc3 Nc6 7. O-O e5 8. dxe5 Nxe5 9. Nxe5 dxe5 10. Qxd8 Rxd8 11. Bg5 c6 12. Ne4 Nxe4 13. Bxd8 Nd2 14. Rfc1 Be6 15. Ba5 Nxc4 16. Bc3 f5 17. e4 Kf7 18. Rd1 c5 19. exf5 gxf5 20. Bxb7 Rb8 21. Bd5 Nb6 22. Bxe6+ Kxe6 23. Rd2 Nd5 24. Rad1 Nxc3 25. Rd6+ Kf7 26. Rd7+ Kf8 27. bxc3 e4 28. R1d5 Bxc3 29. Rxc5 1-0


[Site "https://www.chess.com"]

[Event "Titled Tuesday Blitz August 16 Late 2022"]
[White "Sailer, Mike"]
[Black "Winkels, Marcel"]
[WhiteFideId "2012901"]
[BlackFideId "1003887"]
[WhiteElo "2109"]
[BlackElo "1900"]
[Result "1-0"]
[Round "10"]
[TimeControl "180+1"]
[Date "2022.08.18"]
[WhiteClock "0:00:00"]
[BlackClock "0:00:00"]

1. d4 Nf6 2. Nc3 c5 3. d5 d6 4. e4 g6 5. Bb5+ Bd7 6. a4 a6 7. Be2 Bg7 8. h3 O-O 9. Nf3 e6 10. dxe6 Bxe6 11. O-O Nc6 12. Ng5 Nd4 13. Nxe6 fxe6 14. Bc4 d5 15. Bd3 Kh8 16. Bg5 h6 17. Bxf6 Bxf6 18. exd5 exd5 19. Bxg6 Rg8 20. Qh5 Bg7 21. Nxd5 Nxc2 22. Rad1 Nd4 23. Rfe1 Rf8 24. Re7 Rc8 25. Rde1 Qd6 26. Rxg7 Kxg7 27. Re7+ Qxe7 28. Nxe7 Rc7 29. Qe5+ 1-0


[Site "https://www.chess.com"]

[Event "Titled Tuesday Blitz August 16 Late 2022"]
[White "Sanchez, Robert"]
[Black "Melikhov, Evgeny V."]
[WhiteFideId "2034360"]
[BlackFideId "4122046"]
[WhiteElo "1966"]
[BlackElo "1963"]
[Result "0-1"]
[Round "10"]
[TimeControl "180+1"]
[Date "2022.08.18"]
[WhiteClock "0:00:00"]
[BlackClock "0:00:00"]

1. e4 c5 2. Nf3 d6 3. d4 cxd4 4. Nxd4 Nf6 5. Nc3 a6 6. Be3 e5 7. Nb3 Be6 8. f3 Be7 9. Qd2 O-O 10. O-O-O Nbd7 11. g4 b5 12. g5 Nh5 13. Nd5 Bxd5 14. exd5 a5 15. Bxb5 a4 16. Na1 Nc5 17. h4 Qb6 18. Bc6 Rab8 19. c4 a3 20. b3 f5 21. Bb5 f4 22. Bf2 Rfc8 23. Kb1 e4 24. fxe4 Nxe4 25. Bxb6 Nxd2+ 26. Rxd2 Rxb6 27. Re1 Bf8 28. Nc2 Ra8 29. Nd4 g6 30. Rde2 Bg7 31. Re8+ Rxe8 32. Rxe8+ Kf7 33. Re4 Bxd4 34. Rxd4 Rb7 35. Kc2 Re7 36. Rd2 Ng3 37. b4 f3 38. Rf2 Re2+ 39. Rxe2 Nxe2 40. c5 Nd4+ 41. Kd2 Nxb5 42. Ke3 dxc5 43. bxc5 Nc3 44. Kxf3 Nxa2 0-1


[Site "https://www.chess.com"]

[Event "Titled Tuesday Blitz August 16 Late 2022"]
[White "Senthil Maran K"]
[Black "Ferreira, Vitor Hugo Vieira"]
[WhiteFideId "25035681"]
[BlackFideId "2119765"]
[WhiteElo "2124"]
[BlackElo "2168"]
[Result "1-0"]
[Round "10"]
[TimeControl "180+1"]
[Date "2022.08.18"]
[WhiteClock "0:00:00"]
[BlackClock "0:00:00"]

1. c4 c6 2. g3 d5 3. Nf3 Nf6 4. d4 e6 5. Bg2 Be7 6. O-O O-O 7. Nbd2 b6 8. Qc2 Bb7 9. e4 Nbd7 10. b3 c5 11. Bb2 dxe4 12. Ng5 cxd4 13. Bxd4 h6 14. Ngxe4 Nxe4 15. Nxe4 Qc7 16. Rad1 Rad8 17. Rd2 Nc5 18. Rfd1 Nxe4 19. Bxe4 Bxe4 20. Qxe4 Bc5 21. Bxc5 bxc5 22. Qe3 Rxd2 23. Qxd2 Re8 24. Qd6 Qxd6 25. Rxd6 Rc8 26. Rd7 a6 27. Rd6 Kf8 28. Rxa6 Rd8 29. Rc6 Rd2 30. Rxc5 Rxa2 31. b4 f5 32. Rc7 g5 33. b5 f4 34. Kg2 Ra3 35. gxf4 gxf4 36. b6 f3+ 37. Kg3 1-0


[Site "https://www.chess.com"]

[Event "Titled Tuesday Blitz August 16 Late 2022"]
[White "Shimanov, Aleksandr"]
[Black "Nakamura, Hikaru"]
[WhiteFideId "4198603"]
[BlackFideId "2016192"]
[WhiteElo "2605"]
[BlackElo "2850"]
[Result "0-1"]
[Round "10"]
[TimeControl "180+1"]
[Date "2022.08.16"]
[WhiteClock "0:00:02"]
[BlackClock "0:00:11"]

1. e4 e5 2. Nf3 Nc6 3. Nc3 Nf6 4. h3 Bb4 5. Nd5 Bc5 6. c3 O-O 7. d3 h6 8. b4 Bd6 9. Nxf6+ Qxf6 10. g4 Qd8 11. Rg1 g5 12. h4 f6 13. Nd2 Be7 14. Bg2 b5 15. a4 bxa4 16. Rxa4 d6 17. Nf1 Rf7 18. Ne3 Bf8 19. Nf5 Ne7 20. hxg5 hxg5 21. Rh1 Be6 22. c4 Ng6 23. Be3 c6 24. Qb3 Rb7 25. Qa3 Qb8 26. Ke2 a5 27. Rxa5 Rxa5 28. bxa5 d5 29. Qa1 Rb2+ 30. Kf3 d4 31. Bc1 Rb3 32. Ke2 Rxd3 33. Kxd3 Qb3+ 34. Ke2 Bxc4+ 35. Ke1 Bb4+ 36. Bd2 Nf4 37. Bf1 Bxf1 38. Kxf1 Bxd2 39. a6 Qd3+ 40. Kg1 Ne2+ 41. Kg2 Qxe4+ 42. f3 Nf4+ 43. Kg3 Qe2 44. Rh2 Be1+ 0-1


[Site "https://www.chess.com"]

[Event "Titled Tuesday Blitz August 16 Late 2022"]
[White "Sokolovsky, Yahli"]
[Black "Gomez Ledo, Roberto Carlos"]
[WhiteFideId "2820242"]
[BlackFideId "3507076"]
[WhiteElo "1867"]
[BlackElo "2379"]
[Result "1-0"]
[Round "10"]
[TimeControl "180+1"]
[Date "2022.08.16"]
[WhiteClock "0:00:03"]
[BlackClock "0:00:06"]

1. b3 d5 2. Bb2 Bf5 3. e3 e6 4. Nf3 Nf6 5. d4 Nbd7 6. Bd3 Bg6 7. O-O c5 8. Nbd2 cxd4 9. exd4 Bxd3 10. cxd3 Be7 11. Ne5 O-O 12. f4 Rc8 13. f5 Qb6 14. Kh1 Bb4 15. fxe6 Qxe6 16. Ndf3 h6 17. a3 Ba5 18. b4 Bb6 19. Qd2 Nxe5 20. dxe5 Nh7 21. Nd4 Bxd4 22. Bxd4 a6 23. Rac1 Rxc1 24. Rxc1 Rc8 25. Rc3 Rc6 26. Qc1 Qc8 27. Rxc6 Qxc6 28. Qc5 Ng5 29. Be3 Ne6 30. Qxc6 bxc6 31. Kg1 Kf8 32. Kf2 Ke7 33. a4 Kd7 34. Kf3 Kc7 35. Bf2 Kb7 36. h4 h5 37. g4 g6 38. gxh5 gxh5 39. Ke3 Kc7 40. Kd2 Ng7 41. Ke3 Ne6 42. Kd2 d4 43. Ke2 c5 44. bxc5 Kc6 45. Kf3 Kxc5 46. Ke4 Kb4 47. Bxd4 Kxa4 48. Be3 Kb3 49. d4 a5 50. d5 Ng7 51. Bh6 1-0


[Site "https://www.chess.com"]

[Event "Titled Tuesday Blitz August 16 Late 2022"]
[White "Tanenbaum, Zachary"]
[Black "Krzywda, Andrzej"]
[WhiteFideId "2060850"]
[BlackFideId "1114565"]
[WhiteElo "2175"]
[BlackElo "2098"]
[Result "1/2-1/2"]
[Round "10"]
[TimeControl "180+1"]
[Date "2022.08.18"]
[WhiteClock "0:00:00"]
[BlackClock "0:00:00"]

1. b3 c5 2. Bb2 d6 3. e3 Nc6 4. Nf3 e5 5. Be2 g6 6. d4 exd4 7. exd4 Bg7 8. O-O cxd4 9. Nxd4 Nxd4 10. Bxd4 Bxd4 11. Qxd4 Qf6 12. Bb5+ Bd7 13. Qe4+ Kf8 14. Qxb7 Bxb5 15. Qxa8+ Kg7 16. Nd2 Bxf1 17. Rxf1 Qd4 18. Nf3 Qc5 19. Qe4 Nf6 20. Qd3 Rc8 21. c4 d5 22. Rc1 Qa3 23. Qc2 dxc4 24. bxc4 Qc5 25. h3 Kg8 26. Qc3 Ne4 27. Qd4 Qxd4 28. Nxd4 Nc5 29. Kf1 f5 30. Nb3 Ne4 31. f3 Ng3+ 32. Kf2 f4 33. Nd4 Rd8 34. Nb3 a5 35. Nxa5 Rd2+ 36. Kg1 Rxa2 37. Kh2 Rxa5 38. c5 Ra7 39. h4 Rc7 40. Kh3 Nh5 41. Kg4 Kf7 42. Kg5 Rc6 43. Kh6 Nf6 44. Kg5 Nd7 45. Kxf4 Rxc5 46. Rd1 Nf6 47. g4 Rc4+ 48. Kg3 Rc5 49. Rb1 Rc7 50. Rb2 Re7 51. Rb3 Nd5 52. Rd3 Ne3 53. Rd4 h6 54. Kf2 Nc2 55. Rc4 Na3 56. Rc5 Nb1 57. Rc2 Na3 58. Rc5 Ra7 59. Kg3 Kf6 60. Rc6+ Kg7 61. Rc5 Nb1 62. Rc2 Na3 63. Rb2 Nc4 64. Rc2 Nd6 65. Rd2 Nf7 66. Re2 Ra1 67. Re6 Rg1+ 68. Kf2 Rh1 69. Kg3 Ra1 70. Rb6 Ra4 71. Rb7 Ra6 72. Rb5 Rf6 73. Rc5 Re6 74. Rb5 Re7 75. Kf2 Nd6 76. Rd5 Nf7 77. f4 Kf6 78. Kf3 Re6 79. f5 gxf5 80. Rxf5+ Kg6 81. Kf4 Rf6 82. Rxf6+ Kxf6 83. g5+ hxg5+ 84. hxg5+ Nxg5 1/2-1/2


[Site "https://www.chess.com"]

[Event "Titled Tuesday Blitz August 16 Late 2022"]
[White "Tarnowska, Aleksandra"]
[Black "Rose, Felix"]
[WhiteFideId "1180967"]
[BlackFideId "5105722"]
[WhiteElo "1700"]
[BlackElo "2039"]
[Result "0-1"]
[Round "10"]
[TimeControl "180+1"]
[Date "2022.08.18"]
[WhiteClock "0:00:00"]
[BlackClock "0:00:00"]

1. e4 c5 2. Nf3 e6 3. d3 Nc6 4. g3 d5 5. Nc3 dxe4 6. Nxe4 Be7 7. Bg2 Nf6 8. Nc3 O-O 9. O-O Bd7 10. Re1 Qb6 11. Rb1 Rad8 12. Be3 Nd4 13. Nd2 Bc6 14. Nde4 Nf5 15. Qe2 Nxe3 16. Qxe3 Nd5 17. Nxd5 exd5 18. Ng5 Rfe8 19. Qf4 Bf6 20. h4 h6 21. Nf3 Rxe1+ 22. Rxe1 Qxb2 23. g4 Qxc2 24. g5 hxg5 25. hxg5 Bc3 26. Re7 Rf8 27. Qg4 Qxd3 28. g6 Qxg6 29. Qf4 Qb1+ 30. Kh2 Qh7+ 31. Kg1 d4 32. Ng5 Qb1+ 33. Kh2 Qg6 34. Kg1 Bxg2 35. Kxg2 f6 36. Qc7 Qxg5+ 37. Kf1 d3 38. Qd7 d2 39. Qe6+ Kh7 40. Qe2 Rd8 41. Qe4+ Qg6 42. Qh4+ Qh6 43. Qe4+ Kh8 44. Re8+ Rxe8 45. Qxe8+ Kh7 46. Qe4+ Qg6 47. Qh4+ Kg8 48. Qc4+ Qf7 49. Qd3 c4 50. Qd8+ Kh7 51. Qd6 b5 52. Qh2+ Kg8 53. Qb8+ Qf8 54. Qd6 Qxd6 0-1


[Site "https://www.chess.com"]